Map: Washout LE

Players

HeroMarine - Winner!

  • Race: Terran Terran
  • Spawn Location: 1:00

Shino

  • Race: Zerg Zerg
  • League: Grandmaster
  • Spawn Location: 7:00

Event: HomeStory Cup XXIX

VOD

Have the link to the VOD?

Description

Time

  • Played on: July 3, 2026, 6:47 a.m.
  • Length: 8:33

All games in this series

Show
View Real Time Build Order
Export as new Build Order

HeroMarine Terran - Winner!

Build Orders: Reaper Expand, Hellion Banshee 

Get SALT Encoding   

  8  0:00  SCV  
  9  0:12  SCV  
  10  0:24  SCV  
  11  0:29  Supply Depot  
  11  0:36  SCV  
  12  0:48  SCV  
  13  0:54  Barracks  
  13  1:01  Refinery  
  13  1:06  SCV  
  14  1:18  SCV  
  15  1:30  SCV  
  16  1:42  Orbital Command  
  16  1:44  Reaper  
  17  2:07  Command Center  
  17  2:11  SCV  
  18  2:18  Marine  
  18  2:22  Supply Depot  
  19  2:24  SCV  
  20  2:34  Factory  
  20  2:37  SCV  
  20  2:41  Barracks Reactor  
  21  2:49  SCV  
  22  2:57  Refinery  
  22  3:01  SCV  
  23  3:14  SCV  
  24  3:23  Orbital Command, Starport  
  24  3:26  SCV  
  25  3:31  Hellion x2  
  25  3:32  Barracks Tech Lab  
  29  3:38  SCV  
  30  3:49  SCV  
  30  3:50  SCV  
  30  3:53  Supply Depot  
  32  3:56  Hellion x2  
  32  4:01  SCV  
  32  4:02  SCV  
  38  4:05  Banshee  
  41  4:10  Cloaking Field  
  41  4:13  SCV  
  41  4:15  SCV  
  43  4:21  Hellion  
  43  4:22  Hellion  
  47  4:28  SCV, Supply Depot  
  49  4:31  SCV  
  49  4:40  SCV  
  50  4:50  Banshee, SCV  
  54  4:52  Command Center  
  54  4:54  Barracks Tech Lab  
  54  4:59  SCV  
  55  5:02  Factory Reactor, SCV, Supply Depot  
  56  5:11  SCV  
  57  5:14  SCV  
  57  5:15  Barracks  
  57  5:17  Barracks  
  57  5:20  Stimpack  
  58  5:24  Marine  
  58  5:26  SCV x2  
  61  5:30  Engineering Bay  
  61  5:31  Engineering Bay  
  61  5:41  Marine  
  60  5:46  SCV x2  
  58  5:55  Starport Reactor  
  56  5:58  SCV x2  
  56  5:59  Marine  
  54  6:05  Terran Infantry Armor Level 1, Terran Infantry Weapons Level 1  
  54  6:06  Refinery, Orbital Command  
  54  6:07  Refinery  
  54  6:09  Marine x2  
  54  6:10  SCV x2  
  58  6:20  Marine  
  58  6:21  Marine x2  
  58  6:22  SCV x2  
  58  6:23  Siege Tank  
  66  6:33  SCV  
  66  6:34  Marine x2, SCV x2, Supply Depot  
  66  6:38  Marine  
  66  6:39  Medivac x2  
  76  6:44  Supply Depot  
  76  6:45  Orbital Command  
  76  6:46  SCV x2  
  74  6:55  Marine x2  
  74  6:56  Marine x2  
  74  6:57  Siege Tank  
  74  6:58  SCV  
  74  6:59  SCV  
  74  7:00  Supply Depot  
  82  7:01  Marine  
  83  7:11  SCV x2  
  83  7:13  Barracks, Marine x2, Combat Shield  
  83  7:14  Barracks, Marine, SCV  
  89  7:17  Marine  
  89  7:19  Marine  
  91  7:23  SCV x2  
  91  7:26  SCV  
  94  7:31  Marine x2  
  94  7:32  Marine  
  94  7:35  SCV x2, Medivac x2, Supply Depot  
  94  7:36  Supply Depot  
  103  7:38  Supply Depot  
  103  7:40  Marine x2  
  103  7:41  SCV, Siege Tank  
  109  7:47  SCV x2  
  109  7:48  Armory  
  111  7:57  Marine x3, SCV  
  115  7:58  Supply Depot  
  115  7:59  SCV, Marine  
  115  8:00  Supply Depot x2  
  115  8:03  Barracks Reactor x2, Marine  
  118  8:05  Supply Depot  
  118  8:15  Marine x3, Refinery  
  118  8:16  Factory  
Show
View Real Time Build Order
Export as new Build Order

Shino Zerg 

Build Orders: Hatch First 

Get SALT Encoding   

  8  0:00  Drone  
  9  0:10  Drone  
  10  0:16  Drone  
  11  0:27  Overlord  
  11  0:33  Drone  
  12  0:46  Drone x2  
  14  0:52  Drone  
  15  1:11  Hatchery  
  15  1:15  Drone  
  15  1:19  Drone  
  15  1:22  Drone  
  17  1:36  Spawning Pool  
  17  1:39  Drone  
  17  1:43  Extractor  
  17  1:45  Drone  
  17  1:53  Drone  
  18  2:00  Drone  
  19  2:12  Overlord  
  19  2:23  Queen x2  
  19  2:24  Zergling x2  
  24  2:30  Zergling x2  
  24  2:32  Zergling x2  
  24  2:35  Drone  
  27  2:39  Drone  
  28  2:51  Drone  
  28  2:53  Drone x2  
  28  2:55  Metabolic Boost  
  30  3:02  Overlord  
  30  3:16  Drone  
  31  3:20  Queen  
  34  3:27  Drone x2  
  34  3:28  Hatchery  
  34  3:31  Drone  
  35  3:36  Overlord  
  35  3:38  Drone x2  
  35  3:41  Drone  
  38  3:43  Drone  
  39  3:50  Overlord  
  39  3:57  Drone  
  39  3:58  Drone x4  
  44  4:05  Drone x2  
  44  4:06  Overlord  
  46  4:10  Drone  
  46  4:11  Zergling x4  
  46  4:14  Extractor  
  48  4:18  Queen  
  48  4:23  Queen  
  52  4:27  Evolution Chamber  
  52  4:28  Drone  
  52  4:31  Drone x2  
  52  4:34  Drone x2  
  52  4:35  Drone  
  57  4:41  Drone x3  
  57  4:44  Drone  
  60  4:46  Drone x2  
  60  4:47  Drone  
  60  4:51  Drone  
  64  4:56  Queen  
  64  4:59  Zerg Ground Armor Level 1  
  66  5:01  Lair  
  66  5:05  Zergling x2  
  66  5:06  Overlord  
  67  5:11  Overlord  
  67  5:18  Spore Crawler  
  65  5:21  Drone  
  65  5:22  Drone  
  65  5:25  Overlord  
  63  5:29  Drone x8  
  63  5:31  Drone x2  
  73  5:37  Zergling x6  
  73  5:41  Zergling x2  
  71  5:47  Zergling x4  
  63  5:54  Spore Crawler  
  62  6:00  Overseer  
  62  6:02  Drone x5  
  61  6:10  Drone x2  
  61  6:11  Drone x3  
  64  6:16  Queen  
  64  6:20  Spore Crawler  
  64  6:24  Extractor  
  64  6:25  Extractor  
  56  6:33  Hatchery  
  56  6:34  Queen  
  56  6:36  Queen  
  56  6:45  Evolution Chamber, Drone x4  
  52  6:49  Drone x2  
  52  6:50  Drone  
  52  6:52  Drone  
  55  7:00  Drone  
  52  7:07  Queen  
  54  7:08  Drone x2  
  54  7:09  Drone  
  54  7:12  Queen  
  59  7:16  Queen  
  58  7:24  Zergling x12  
  58  7:27  Zergling x2  
  63  7:42  Queen  
  65  7:45  Drone  
  65  7:46  Drone x5  
  71  7:51  Hatchery  
  71  7:54  Drone  
  71  8:00  Drone  
  71  8:01  Drone  
  71  8:02  Drone  
  71  8:05  Hatchery, Drone  
  74  8:07  Baneling Nest  
  74  8:10  Drone x2  
  75  8:16  Drone  
Tags
 
Add a new tag
Caveats
  • Supply blocks, unpowered buildings, or Contaminate may cause inaccurate times.
  • Supply counts are checked every 10 seconds.